Map: Blueshift LE

Players

Lambo - Winner!

  • Race: Zerg Zerg
  • League: Grandmaster
  • Spawn Location: 1:00

soul

  • Race: Terran Terran
  • League: Grandmaster
  • Spawn Location: 7:00

VOD

Have the link to the VOD?

Description

Time

  • Played on: Dec. 20, 2018, 12:39 p.m.
  • Length: 23:55
Show
View Real Time Build Order
Export as new Build Order

Lambo Zerg - Winner!

Build Orders: Hatch First 

Get SALT Encoding   

  12  0:02  Drone  
  13  0:13  Overlord  
  13  0:20  Drone  
  14  0:31  Drone x2  
  16  0:49  Hatchery  
  15  0:51  Drone  
  15  0:55  Drone  
  17  0:58  Drone  
  18  1:09  Extractor  
  17  1:13  Spawning Pool  
  17  1:16  Drone  
  17  1:20  Drone  
  18  1:28  Drone  
  19  1:41  Drone  
  20  1:53  Overlord  
  20  2:01  Queen x2  
  20  2:02  Zergling x4  
  26  2:10  Metabolic Boost  
  26  2:11  Drone  
  26  2:12  Drone  
  28  2:24  Drone  
  28  2:25  Drone  
  30  2:36  Hatchery  
  29  2:37  Drone  
  30  2:47  Drone  
  30  2:48  Queen  
  33  2:52  Overlord  
  33  2:59  Drone x2  
  35  3:09  Drone  
  36  3:16  Drone x2  
  36  3:17  Overlord  
  36  3:18  Queen  
  39  3:22  Drone  
  39  3:26  Queen  
  42  3:28  Drone  
  43  3:38  Zergling x8  
  43  3:40  Drone  
  43  3:41  Drone x3  
  51  3:48  Drone  
  51  3:49  Drone  
  51  3:52  Queen, Drone  
  56  4:02  Overlord  
  56  4:04  Queen, Overlord  
  56  4:05  Extractor  
  56  4:07  Overlord  
  58  4:14  Overlord  
  58  4:16  Lair  
  58  4:23  Drone x5  
  63  4:25  Zergling x2  
  63  4:30  Roach Warren  
  63  4:33  Drone x2  
  63  4:36  Drone  
  63  4:37  Drone  
  67  4:41  Drone x2  
  67  4:42  Drone x2  
  67  4:43  Drone  
  67  4:44  Drone  
  73  4:49  Queen  
  73  4:51  Overlord, Extractor x2  
  73  4:54  Drone  
  73  4:56  Drone  
  73  4:59  Overlord  
  75  5:01  Spore Crawler  
  75  5:03  Spore Crawler  
  75  5:04  Spore Crawler  
  72  5:10  Queen, Drone x2  
  76  5:17  Roach x3  
  76  5:18  Roach  
  84  5:22  Roach x3  
  90  5:31  Queen, Drone x6  
  90  5:34  Drone  
  97  5:42  Drone  
  97  5:44  Overlord  
  97  5:45  Overlord  
  97  5:49  Overlord  
  97  5:51  Evolution Chamber  
  97  5:55  Queen, Spire  
  97  5:57  Overlord  
  97  5:58  Overlord  
  97  6:01  Overlord  
  97  6:02  Overlord  
  97  6:03  Overlord  
  97  6:06  Overlord  
  97  6:09  Overlord  
  97  6:10  Drone x2  
  98  6:13  Drone x2  
  98  6:15  Extractor x2  
  98  6:16  Extractor, Drone x2  
  98  6:18  Drone x2  
  98  6:24  Roach  
  98  6:25  Roach x2  
  104  6:26  Drone x2  
  104  6:28  Drone  
  104  6:30  Zerg Missile Weapons Level 1  
  107  6:34  Glial Reconstitution  
  107  6:38  Overlord  
  107  6:41  Overlord  
  107  6:43  Overlord  
  107  6:45  Overlord  
  104  6:53  Roach x3  
  110  6:54  Ravager x3  
  110  6:55  Ravager  
  110  6:56  Overseer  
  110  6:59  Drone  
  110  7:00  Roach x2  
  110  7:01  Hatchery  
  118  7:04  Roach x2  
  122  7:10  Corruptor  
  124  7:17  Corruptor  
  124  7:22  Zergling x2, Corruptor  
  125  7:29  Corruptor  
  123  7:35  Corruptor  
  124  7:38  Drone x2  
  124  7:40  Corruptor  
  122  7:47  Corruptor  
  122  7:48  Zergling x22  
  122  7:49  Zergling x4  
  134  7:55  Corruptor  
  136  8:00  Corruptor  
  138  8:06  Corruptor  
  140  8:17  Corruptor  
  142  8:22  Roach x2, Zergling x12  
  142  8:23  Roach x2  
  142  8:26  Roach x2  
  160  8:27  Ravager  
  160  8:31  Roach x2  
  160  8:33  Zergling x4  
  167  8:39  Roach x2, Zergling x4  
  173  8:42  Ravager x2  
  173  8:45  Zergling x6  
  173  8:47  Zergling x4  
  176  8:53  Zergling x8  
  180  8:56  Ravager x2  
  180  9:00  Roach x2, Zergling x4  
  185  9:07  Roach x3  
  156  9:16  Roach, Zergling x4  
  132  9:20  Roach, Zergling x4  
  120  9:28  Drone x7  
  120  9:29  Drone x3  
  116  9:34  Roach x2  
  116  9:37  Corruptor  
  122  9:41  Corruptor  
  124  9:47  Zerg Missile Weapons Level 2  
  124  9:49  Corruptor  
  126  9:54  Infestation Pit  
  126  9:56  Drone x2  
  127  10:04  Drone x4  
  127  10:06  Roach x2, Extractor  
  127  10:07  Extractor, Ravager x3  
  135  10:09  Roach  
  138  10:16  Drone x3  
  138  10:17  Corruptor  
  138  10:21  Roach x2  
  147  10:25  Roach x3  
  147  10:28  Corruptor  
  153  10:33  Corruptor x2  
  158  10:37  Corruptor  
  158  10:41  Corruptor  
  162  10:46  Zergling x12  
  168  10:54  Roach x2, Zergling x6  
  173  11:03  Roach x2, Zergling x10  
  173  11:04  Zergling x10  
  175  11:08  Corruptor  
  177  11:14  Roach, Zergling x4  
  172  11:19  Roach  
  172  11:20  Roach x5  
  177  11:27  Roach x4  
  177  11:28  Roach  
  185  11:34  Roach x5  
  185  11:37  Ravager x3  
  194  11:40  Roach x2  
  194  11:44  Roach x2, Zergling x4  
  188  11:49  Roach  
  188  11:50  Roach x3  
  192  11:54  Corruptor  
  192  11:55  Corruptor  
  192  11:56  Zergling x2  
  192  12:00  Ravager  
  199  12:01  Zergling x2  
  196  12:14  Zergling x24  
  190  12:19  Roach x4  
  190  12:22  Roach x2  
  198  12:27  Roach  
  198  12:28  Roach x3  
  180  12:38  Roach x2  
  180  12:42  Roach x3  
  174  12:44  Roach x3  
  174  12:47  Zerg Flyer Armor Level 1  
  162  12:52  Roach x5  
  162  12:56  Roach x3  
  158  13:09  Corruptor x5  
  157  13:14  Corruptor  
  147  13:23  Corruptor x3  
  142  13:29  Zergling x8  
  142  13:30  Zergling x4  
  146  13:35  Corruptor x2  
  150  13:43  Hatchery  
  150  13:46  Ravager x4  
  150  13:47  Zergling x6  
  156  13:53  Zergling x10  
  161  14:00  Zergling x12  
  165  14:08  Corruptor x2  
  167  14:10  Zergling x2  
  167  14:11  Zergling x4  
  167  14:12  Ravager x3  
  167  14:13  Ravager  
  167  14:14  Zergling x2  
  175  14:19  Zergling x8  
  177  14:25  Zergling x12  
  177  14:31  Zergling x8  
  152  14:40  Roach x4  
  152  14:44  Roach x3  
  144  14:48  Roach x2  
  144  14:59  Roach x3  
  138  15:04  Corruptor  
  138  15:05  Corruptor  
  137  15:10  Zergling x8  
  137  15:14  Pathogen Glands  
  128  15:18  Corruptor  
  120  15:24  Corruptor  
  115  15:34  Zerg Melee Weapons Level 1  
  112  15:37  Infestor x4  
  112  15:40  Infestor  
  119  15:45  Roach x2  
  119  15:48  Corruptor  
  125  15:51  Corruptor  
  125  15:53  Infestor  
  129  15:59  Infestor  
  129  16:03  Extractor  
  129  16:04  Extractor  
  129  16:05  Drone x3  
  129  16:06  Drone x2  
  129  16:07  Drone  
  129  16:10  Neural Parasite  
  129  16:11  Infestor  
  135  16:13  Zerg Flyer Weapons Level 1  
  135  16:15  Corruptor  
  139  16:20  Drone x3  
  139  16:23  Infestor  
  140  16:30  Infestor  
  140  16:32  Zergling x12  
  147  16:44  Corruptor  
  149  16:48  Ravager x3  
  149  16:51  Hatchery  
  151  16:57  Infestor x2  
  152  17:04  Corruptor  
  152  17:06  Roach x4, Zergling x10  
  167  17:15  Corruptor  
  167  17:17  Zergling x8  
  173  17:23  Corruptor  
  173  17:27  Hive  
  173  17:28  Burrow  
  175  17:30  Spine Crawler  
  175  17:31  Infestor  
  175  17:36  Corruptor  
  178  17:41  Zerg Melee Weapons Level 2  
  178  17:44  Evolution Chamber  
  178  17:48  Corruptor x2  
  181  17:58  Roach x5  
  191  17:59  Ravager  
  191  18:05  Roach x3, Extractor  
  195  18:09  Extractor  
  187  18:17  Spire  
  187  18:19  Drone x3  
  186  18:20  Drone x3  
  188  18:30  Corruptor x2  
  191  18:37  Spore Crawler  
  190  18:45  Spine Crawler  
  187  18:52  Drone x2  
  185  18:58  Corruptor  
  185  18:59  Corruptor x2  
  185  19:02  Greater Spire  
  191  19:12  Zerg Ground Armor Level 1  
  191  19:31  Viper  
  181  19:33  Drone x3  
  181  19:37  Spore Crawler  
  186  19:42  Roach x13  
  185  19:46  Zerg Flyer Weapons Level 2  
  185  19:50  Spine Crawler  
  185  19:51  Hatchery  
  183  19:53  Spine Crawler  
  182  20:12  Overseer  
  182  20:16  Brood Lord x8  
  182  20:21  Zerg Flyer Armor Level 2  
  198  20:24  Zerg Melee Weapons Level 3  
  198  20:25  Adrenal Glands  
  199  20:28  Drone  
  199  20:29  Spine Crawler, Drone  
  199  20:30  Overlord  
  199  21:01  Brood Lord x5  
  199  21:08  Extractor  
  199  21:10  Extractor  
  197  21:22  Corruptor x4  
  197  21:23  Corruptor  
  199  21:39  Unknown  
  179  21:53  Corruptor x5  
  187  22:00  Corruptor  
  184  22:12  Corruptor x2  
  184  22:13  Zergling x24  
  200  22:17  Spore Crawler, Spine Crawler  
  200  22:19  Spine Crawler  
  200  22:21  Corruptor  
  193  22:34  Corruptor x3  
  199  22:43  Overseer x3  
  198  22:52  Overseer  
  183  23:13  Corruptor x2  
  191  23:23  Brood Lord  
  191  23:24  Brood Lord x3  
  191  23:25  Zergling x18  
  198  23:37  Zergling x8  
Show
View Real Time Build Order
Export as new Build Order

soul Terran 

Build Orders: Gas First Reaper Expand, Mech 

Get SALT Encoding   

  12  0:01  SCV  
  13  0:14  SCV  
  13  0:18  Supply Depot  
  14  0:26  SCV  
  15  0:35  Refinery  
  15  0:40  SCV  
  16  0:45  Barracks  
  16  0:52  SCV  
  17  1:04  SCV  
  18  1:18  SCV  
  19  1:32  Reaper, Orbital Command  
  20  1:43  Command Center  
  20  1:54  Factory  
  20  1:58  SCV  
  21  2:07  Supply Depot  
  21  2:10  SCV  
  21  2:11  Barracks Reactor  
  22  2:16  Refinery  
  22  2:22  SCV  
  23  2:35  SCV  
  24  2:45  Starport  
  24  2:47  SCV  
  25  2:56  Hellion x2  
  25  2:57  Orbital Command  
  29  3:01  SCV  
  29  3:02  Marine  
  31  3:13  SCV  
  31  3:17  Hellion x2  
  36  3:24  Fusion Core, SCV  
  36  3:26  SCV  
  38  3:27  Starport Tech Lab  
  38  3:29  Marine  
  39  3:36  SCV  
  39  3:38  SCV  
  39  3:41  Supply Depot  
  41  3:51  SCV  
  41  3:53  SCV  
  43  3:57  Supply Depot  
  43  4:03  SCV  
  43  4:05  SCV  
  45  4:13  Battlecruiser  
  45  4:15  SCV  
  45  4:16  Supply Depot  
  52  4:17  SCV  
  52  4:20  Refinery  
  52  4:22  Refinery  
  53  4:27  SCV, Hellion x2  
  53  4:29  SCV  
  59  4:39  SCV  
  59  4:44  Command Center  
  60  4:49  SCV  
  60  4:52  SCV  
  62  4:53  Supply Depot  
  62  5:01  SCV  
  62  5:03  Factory x2, Barracks Tech Lab  
  62  5:05  SCV  
  64  5:13  SCV  
  67  5:24  SCV  
  67  5:27  SCV  
  69  5:32  Battlecruiser  
  69  5:34  Weapon Refit  
  73  5:36  SCV  
  73  5:39  SCV  
  73  5:42  Supply Depot  
  75  5:44  Supply Depot  
  75  5:48  Factory Tech Lab, SCV  
  76  5:51  Hellion  
  76  5:55  SCV, Hellion  
  76  5:56  Siege Tank  
  84  5:57  Orbital Command  
  84  6:02  SCV  
  85  6:07  Siege Tank  
  85  6:08  SCV  
  85  6:11  Supply Depot  
  88  6:14  SCV, Supply Depot  
  89  6:24  SCV  
  89  6:25  Armory x2  
  90  6:27  SCV  
  92  6:35  Siege Tank, Orbital Command  
  92  6:36  SCV  
  92  6:39  SCV  
  96  6:43  Hellion, Siege Tank  
  101  6:48  SCV  
  101  6:51  Supply Depot x2  
  103  6:54  SCV  
  103  7:02  Hellion  
  103  7:05  Refinery, SCV  
  103  7:06  SCV  
  103  7:07  Siege Tank  
  111  7:09  Refinery  
  111  7:13  SCV  
  111  7:14  Supply Depot  
  111  7:15  Terran Ship Weapons Level 1, Siege Tank, Supply Depot  
  114  7:17  SCV  
  114  7:20  SCV  
  116  7:25  SCV  
  116  7:28  Hellion x2  
  121  7:33  SCV  
  122  7:41  SCV  
  131  7:50  Cyclone  
  131  7:51  Hellion x2  
  136  7:53  Cyclone  
  136  7:55  Factory  
  136  7:57  Factory  
  136  7:58  Command Center, Engineering Bay  
  133  7:59  SCV x3  
  133  8:01  Supply Depot  
  133  8:02  Terran Vehicle And Ship Armor Level 1  
  136  8:11  SCV x3  
  139  8:15  Hellion x2  
  143  8:22  Cyclone  
  143  8:23  SCV x2  
  148  8:28  Missile Turret, SCV  
  148  8:32  Cyclone  
  148  8:33  Mag-Field Accelerator  
  152  8:34  Missile Turret  
  152  8:40  Factory Tech Lab  
  151  8:43  Factory Tech Lab  
  150  8:52  Hellion  
  150  8:53  Hellion  
  150  8:54  Cyclone  
  157  9:00  Command Center  
  157  9:04  Cyclone  
  157  9:05  Cyclone  
  129  9:12  Siege Tank  
  116  9:21  Hellion  
  107  9:26  Cyclone  
  106  9:37  Cyclone x2  
  113  9:38  Terran Ship Weapons Level 2, SCV x3  
  113  9:44  Cyclone  
  122  9:45  Hellion x2  
  122  9:50  Missile Turret, SCV x3  
  122  9:52  Refinery, Missile Turret  
  125  9:53  Sensor Tower  
  125  9:54  Refinery  
  125  9:59  Hellion  
  127  10:01  Terran Vehicle And Ship Armor Level 2  
  127  10:07  Hellion x2  
  131  10:09  Hellion  
  131  10:10  Infernal Pre-Igniter, Hellion  
  135  10:16  Hellion  
  135  10:20  Hellion  
  135  10:21  Planetary Fortress  
  139  10:25  Sensor Tower  
  139  10:28  Hellion  
  138  10:29  SCV x2  
  138  10:30  SCV  
  138  10:33  Siege Tank  
  138  10:34  Siege Tank  
  147  10:38  Hellion x2  
  147  10:42  Hellion  
  153  10:49  Hellion  
  154  10:53  Starport  
  154  10:56  Starport  
  154  10:59  Hellion x2  
  154  11:03  Cyclone  
  147  11:05  Cyclone  
  147  11:06  Cyclone  
  153  11:14  Command Center  
  153  11:17  Hellion  
  145  11:23  Cyclone  
  146  11:28  Battlecruiser  
  150  11:35  Cyclone  
  153  11:46  Cyclone  
  153  11:47  Hellion  
  152  11:50  Starport Tech Lab x2  
  152  11:56  Terran Ship Weapons Level 3  
  152  12:08  Cyclone  
  155  12:15  Cyclone, Battlecruiser  
  142  12:23  Cyclone x2  
  142  12:24  Hellion  
  142  12:27  Hellion  
  134  12:40  Cyclone  
  127  12:47  Cyclone  
  127  12:48  Hellion  
  127  12:50  Hellion  
  123  12:55  SCV, Cyclone x2  
  111  13:07  SCV x4  
  111  13:09  Hellion  
  111  13:11  Hellion  
  111  13:12  Cyclone  
  104  13:19  SCV x4  
  103  13:20  Terran Vehicle And Ship Armor Level 3, Hellion  
  103  13:28  Hellion x2  
  103  13:31  SCV x2, Hellion  
  111  13:35  SCV  
  111  13:36  SCV x2  
  111  13:39  Hellion  
  116  13:43  SCV x2  
  116  13:48  SCV x3  
  122  13:55  SCV x2  
  122  14:00  SCV x3  
  126  14:04  Cyclone x4  
  126  14:07  SCV  
  126  14:08  SCV  
  140  14:12  SCV  
  140  14:13  Battlecruiser  
  147  14:17  SCV  
  147  14:18  SCV  
  147  14:35  SCV  
  147  14:36  Cyclone  
  147  14:37  Cyclone  
  148  14:41  Cyclone  
  148  14:42  SCV, Hellion  
  126  14:46  Hellion  
  126  14:47  SCV  
  126  14:48  Cyclone  
  124  14:53  SCV  
  115  15:03  Hellion  
  115  15:06  Orbital Command  
  105  15:08  Hellion, Cyclone  
  105  15:09  Cyclone  
  105  15:13  Cyclone  
  109  15:15  SCV x4  
  111  15:24  Hellion  
  111  15:27  SCV x4  
  117  15:29  Hellion  
  117  15:32  SCV  
  120  15:39  SCV, Battlecruiser  
  120  15:40  SCV x3  
  127  15:45  SCV  
  127  15:49  Hellion  
  130  16:04  SCV x4  
  130  16:05  Hellion x2  
  138  16:21  SCV  
  136  16:30  Siege Tank  
  136  16:32  SCV x2  
  138  16:33  Supply Depot  
  138  16:35  Supply Depot  
  138  16:39  Liberator  
  138  16:45  Missile Turret  
  138  16:50  Missile Turret  
  138  16:53  SCV  
  138  16:54  Raven, SCV x3, Siege Tank  
  138  16:55  SCV  
  138  16:56  Siege Tank  
  138  17:01  Planetary Fortress  
  150  17:05  Missile Turret, SCV  
  150  17:06  SCV x2  
  153  17:24  Missile Turret  
  153  17:45  Supply Depot x2  
  153  17:46  Sensor Tower  
  153  17:47  Supply Depot  
  153  17:50  Supply Depot  
  153  17:51  Supply Depot  
  153  18:02  Terran Vehicle Weapons Level 1  
  153  18:04  Siege Tank  
  152  18:06  Siege Tank, Banshee, Cyclone  
  152  18:07  Siege Tank  
  149  18:21  Refinery x2  
  149  18:22  Viking x2  
  151  18:40  Hellion  
  165  18:41  Supply Depot  
  165  18:45  Supply Depot  
  164  18:49  Viking  
  164  18:51  Viking  
  166  19:07  Thor x4  
  176  19:18  SCV  
  176  19:19  SCV x2  
  176  19:20  SCV  
  175  19:33  Hellion x2  
  179  19:39  Missile Turret  
  179  19:40  Missile Turret, Sensor Tower  
  179  19:48  Planetary Fortress  
  179  19:49  Command Center  
  179  19:58  Thor x3  
  179  19:59  Terran Vehicle Weapons Level 2  
  197  20:11  Barracks x2  
  197  20:12  Barracks x2, Terran Infantry Armor Level 1  
  197  20:13  Barracks Tech Lab  
  195  20:14  Ghost Academy  
  195  20:25  Supply Depot  
  195  20:28  Refinery x2  
  195  20:31  Viking x2  
  199  20:38  Command Center  
  199  20:44  Missile Turret x2  
  199  20:50  Missile Turret  
  199  20:52  Missile Turret  
  199  21:02  Barracks Tech Lab x4  
  157  21:49  Ghost x5  
  134  21:59  Battlecruiser  
  134  22:00  Battlecruiser x2  
  131  22:02  Hellion x2  
  131  22:04  Hellion, Siege Tank x2  
  133  22:23  Ghost x3  
  131  22:41  Ghost  
  131  23:04  Medivac x2  
  115  23:23  Ghost x2  
  115  23:25  Hellion x6  
Tags
 
Add a new tag
Caveats
  • Supply blocks, unpowered buildings, or Contaminate may cause inaccurate times.
  • Supply counts are checked every 10 seconds.